 Dungeon Crawl Stone Soup version 0.16-a0-702-gf4f471d (webtiles) character file.

93 PolkaDot the Insei (level 4, -1/36 HPs)
             Began as a Draconian Transmuter on Sept 20, 2014.
             Succumbed to Sigmund's poison
             ... on Level 3 of the Dungeon.
             The game lasted 00:05:24 (1599 turns).

PolkaDot the Insei (Draconian Transmuter)           Turns: 1599, Time: 00:05:24

HP  -1/36        AC  5     Str 12      XL: 4   Next: 37%
MP   7/7         EV 12     Int 14      God:
Gold 38          SH  0     Dex 12      Spells:  2 memorised,  3 levels left

rFire  . . .     SeeInvis .       - Unarmed
rCold  . . .     Clarity  +     (armour unavailable)
rNeg   . . .     rCorr    .     (no shield)
rPois  .         rRot     .     (helmet restricted)
rElec  .         Spirit   .     (no cloak)
SustAb .         Warding  .     (no gloves)
rMut   .         Stasis   .     (no boots)
Gourm  .                        (no amulet)
MR     .....                    (no ring)
                                (no ring)

@: lethally poisoned, appendage (expiring), not resistant to hostile
enchantments, very unstealthy
A: unfitting armour, horns 2, stinger 2, clarity, cold-blooded, AC +5
a: End Transformation


You were on level 3 of the Dungeon.
You were not hungry.
You had grown temporary horns.
You visited 1 branch of the dungeon, and saw 3 of its levels.

You collected 38 gold pieces.

Inventory:

Missiles
 b - 30 arrows
 m - 8 tomahawks (quivered)
 n - a throwing net
Comestibles
 g - 2 meat rations
 o - a fruit
 r - a beef jerky
 s - a rotting chunk of giant newt flesh
Scrolls
 h - a scroll of remove curse {unknown}
 i - 2 scrolls of enchant weapon {unknown}
 k - a scroll of teleportation {unknown}
Jewellery
 p - an uncursed amulet of warding {unknown}
Potions
 e - a potion of restore abilities
 q - a potion of flight
Books
 d - a book of Changes

   Spells                             Type                      Level
   *Beastly Appendage                 Transmutation                1
   Sticks to Snakes                   Transmutation                2
   *Spider Form                       Transmutation/Poison         3
   Ice Form                           Ice/Transmutation            4
   Blade Hands                        Transmutation                5


   Skills:
 - Level 1.9 Fighting
 - Level 1.7 Dodging
 - Level 4.0 Unarmed Combat
 - Level 2.0 Spellcasting
 + Level 3.0 Transmutations
 * Level 1.3 Poison Magic


You had 3 spell levels left.
You knew the following spells:

 Your Spells              Type           Power        Failure   Level  Hunger
a - Beastly Appendage     Trmt           #.....       10%         1    ##.....
b - Spider Form           Trmt/Pois      #.........   30%         3    ####...


Dungeon Overview and Level Annotations

Branches:
Dungeon (3/15)

Altars:

Annotations:
D:3 Sigmund


Innate Abilities, Weirdness & Mutations

Your plain brown scales are hard (AC +5).
Your body does not fit into most forms of armour.
Your cold-blooded metabolism reacts poorly to cold.
You have a pair of horns on your head.
Your tail ends in a sharp poisonous barb.
You possess an exceptional clarity of mind.


Message History

You feel sick. Sigmund closely misses you.
You barely miss Sigmund.
Sigmund is moderately wounded.
You feel sick. Sigmund closely misses you.
You hit Sigmund.
Sigmund is moderately wounded.
You feel sick.
You hit Sigmund.
Sigmund is heavily wounded.
Your transformation is almost over.
You feel sick.
Sigmund hits you with a scythe of venom!
* * * LOW HITPOINT WARNING * * *
You are more poisoned.
* * * LOW HITPOINT WARNING * * *
You feel sick. Sigmund misses you.
* * * LOW HITPOINT WARNING * * *
You feel sick.
There is a stone staircase leading up here.
You die...

.........#...##
.....#...!.#..#
..............#
...............
............##
............##
.#...........#
............(######### #
................@....#.#
.##.##.......@..(....#.####
. #.#####.##..............#
[ #.# #..........(.....[# .
#.# ####..............# #
#.# #.......$......). ...
#..............# ...
#......?........ .
#..............#


You could see Sigmund.

Vanquished Creatures
  A crimson imp (D:3)
  A giant mite (D:2)
  A worm (D:2)
  A giant gecko (D:1)
  3 giant cockroaches
  4 hobgoblins
  2 jackals (D:1)
  9 kobolds
  A quokka (D:2)
  A ball python (D:1)
  5 bats
  2 giant newts
  9 goblins
  7 rats
47 creatures vanquished.

Notes
Turn   | Place    | Note
--------------------------------------------------------------
     0 | D:1      | PolkaDot, the Draconian Transmuter, began the quest for the Orb.
     0 | D:1      | Reached XP level 1. HP: 16/16 MP: 3/3
   380 | D:1      | Reached XP level 2. HP: 20/23 MP: 4/4
  1008 | D:2      | Reached XP level 3. HP: 23/28 MP: 4/6
  1167 | D:2      | Reached skill level 4 in Unarmed Combat
  1389 | D:2      | Learned a level 3 spell: Spider Form
  1465 | D:3      | Reached skill level 1 in Poison Magic
  1465 | D:3      | Reached XP level 4. HP: 32/36 MP: 7/7
  1487 | D:3      | Noticed Sigmund
  1492 | D:3      | Gained mutation: Your tail ends in a poisonous barb. [potion of mutation]
  1492 | D:3      | Gained mutation: You possess an exceptional clarity of mind. [potion of mutation]
  1492 | D:3      | Gained mutation: Your tail ends in a sharp poisonous barb. [potion of mutation]
  1598 | D:3      | HP: 1/36 [poisoned by Sigmund]
  1599 | D:3      | Succumbed to Sigmund's poison

Action                   |  1- 3 |  4- 6 || total
-------------------------+-------+-------++-------
Melee: Unarmed           |   176 |     9 ||   185
 Cast: Beastly Appendage |     6 |     1 ||     7
  Use: Potion            |       |     7 ||     7
  Eat: Chunk             |     2 |       ||     2
       Bread ration      |       |     1 ||     1
